 Dungeon Crawl Stone Soup version 0.29.1-1-gd02db6906a (webtiles) character file.

Game seed: 16560490660256803563

672 jamesp the Trooper (level 7, -3/44 HPs)
             Began as a Gargoyle Fighter on Sept 29, 2022.
             Was an Initiate of Qazlal.
             Slain by Grinder (9 damage)
             ... while paralysed by Grinder
             ... on level 5 of the Dungeon.
             The game lasted 00:10:16 (4786 turns).

jamesp the Trooper (Gargoyle Fighter)               Turns: 4786, Time: 00:10:17

Health: -3/44      AC:  0    Str: 22    XL:     7   Next: 59%
Magic:  7/7        EV:  5    Int:  8    God:    Qazlal [......]
Gold:   211        SH:  0    Dex: 14    Spells: 5/6 levels left

rFire   . . .      SeeInvis .   (weapon currently unavailable)
rCold   . . .      Faith    .   (shield currently unavailable)
rNeg    + . .      Spirit   .   (body armour currently unavailable)
rPois   ∞          Reflect  +   (helmet currently unavailable)
rElec   .          Harm     .   (cloak currently unavailable)
rCorr   .          Rampage  .   (gloves currently unavailable)
Will    .....                   (boots currently unavailable)
Stlth   +.........              m - amulet of reflection
HPRegen 0.14/turn               (ring currently unavailable)
MPRegen 0.10/turn               (ring currently unavailable)

@: paralysed, bat-form (expiring), flying, very quick
A: fast, flying, no casting, sickness immunity, AC +4, tiny, negative energy
resistance 1, (electricity resistance), torment resistance 1, petrification
resistance
a: Renounce Religion


You were on level 5 of the Dungeon.
You worshipped Qazlal.
Qazlal was noncommittal.
You were a bat.
You visited 2 branches of the dungeon, and saw 6 of its levels.

You collected 211 gold pieces.

Inventory:

Hand Weapons
 a - a +9 club (melded)
 y - a +1 flail of protection
 z - the +10 sling of Descent {freeze, Will+}
   (You found it on level 5 of the Dungeon)

   Any ammunition fired from it freezes those it strikes, dealing additional
   cold damage.
   It can also slow down cold-blooded creatures.
   Will:      It increases your willpower.
 B - a +1 flail
Missiles
 e - 32 stones (quivered)
 u - 3 boomerangs
 x - 4 poisoned darts
Armour
 b - a +0 scale mail
 c - a +0 buckler (melded)
 j - a +0 pair of gloves (melded)
 C - a +3 leather armour of fire resistance (melded)
Jewellery
 m - an amulet of reflection (around neck)
 v - a ring of protection from fire (melded)
 A - a ring of see invisible
Wands
 E - a wand of charming (8)
Scrolls
 f - 2 scrolls of fear {unknown}
 g - 2 scrolls of teleportation {unknown}
 h - 2 scrolls of torment {unknown}
 i - 3 scrolls of enchant weapon
 r - 2 scrolls of amnesia {unknown}
 s - 2 scrolls of noise {unknown}
 t - 2 scrolls of magic mapping {unknown}
 w - a scroll of poison {unknown}
 D - a scroll of immolation {unknown}
Potions
 d - a potion of might
 k - 2 potions of heal wounds
 l - a potion of haste
 n - a potion of magic
 o - 2 potions of degeneration {unknown}
 p - a potion of ambrosia {unknown}
 q - a potion of lignification {unknown}


   Skills:
 + Level 5.5 Fighting
 + Level 4.4 Maces & Flails
 + Level 5.5 Armour
 + Level 1.0 Dodging
 - Level 5.0 Shields


You had 5 spell levels left.
You knew the following spells:

 Your Spells              Type           Power      Damage    Failure   Level
a - Sandblast             Erth           0%         2d4       41%         1

Your spell library contained the following spells:

 Spells                   Type           Power      Damage    Failure   Level
 Passwall                 Tmut/Erth      0%         N/A       54%         2
 Stone Arrow              Conj/Erth      0%         3d7       78%         3


Dungeon Overview and Level Annotations

Branches:
Dungeon (5/15)             Temple (1/1) D:5

Altars:
Ashenzari
Dithmenos
Elyvilon
Fedhas
Gozag
Hepliaklqana
Kikubaaqudgha
Makhleb
Okawaru
Qazlal
Ru
Sif Muna
Trog
Uskayaw
Vehumet
Wu Jian
Xom
Zin

Shops:
D:3 (=(

Annotations:
D:5 Grinder


Innate Abilities, Weirdness & Mutations

You are a bat.
You are tiny and dextrous.
You move quickly.
You are flying.
Your equipment is almost entirely melded.
You are incapable of wielding weapons or throwing items.
You cannot cast spells.
You are immune to sickness and miasma.
((Your stone body is resilient. (AC +4)))
You are immune to poison.
You resist negative energy. (rN+)
((You are resistant to electric shocks. (rElec)))
You are resistant to unholy torment.
You are immune to petrification.


Message History

You hit Grinder but do no damage.
Grinder is severely wounded.
Grinder completely misses you.
You hit Grinder but do no damage.
Grinder is severely wounded.
Grinder blinks!
You completely miss Grinder.
Grinder is severely wounded.
Grinder hits you.
You writhe in agony.
You hit Grinder.
Grinder is severely wounded.
Your transformation is almost over.
Grinder barely misses you.
You hit Grinder but do no damage.
Grinder is severely wounded.
Grinder hits you.
You hit Grinder but do no damage.
Grinder is severely wounded.
Grinder closely misses you.
You hit Grinder but do no damage.
Grinder is severely wounded.
Grinder closely misses you.
You closely miss Grinder.
Grinder is severely wounded.
Grinder gestures at you. Pain shoots through your body!
You barely miss Grinder.
Grinder is severely wounded.
Grinder hits you.
You writhe in agony.
You hit Grinder but do no damage.
Grinder is severely wounded.
Grinder gestures at you.
You suddenly lose the ability to move!
Grinder hits you!
* * * LOW HITPOINT WARNING * * *
You writhe in agony.
* * * LOW HITPOINT WARNING * * *
Grinder says, "What is the universe for?"
Grinder hits you!
You die...

#..# #... #.. #..# ##
#.## ##..###. ######
#.## #...#...
##.....####..####)†.....
#........##.............
#...........####........
#............# ##.......
#....5b.....# #.......
##.........># #.......
.............# ##.....#
............## ###..##
#####....#### ##.#
##...# #.. ##..# ##.
#.##


You could see Grinder.

Vanquished Creatures
  3 ogres
  A scorpion (D:4)
  A jelly (D:4)
  An orc priest (D:4)
  Jessica (D:2)
  Ijyb (D:5)
  An iguana (D:5)
  An orc wizard (D:4)
  6 adders
  An ufetubus (D:3)
  3 worms
  3 dart slugs
  12 orcs
  3 bats
  4 endoplasms
  3 giant cockroaches
  7 goblins
  A hobgoblin (D:1)
  7 jackals
  8 kobolds
  3 quokkas
  5 ball pythons
  5 frilled lizards
  5 rats
86 creatures vanquished.

Vanquished Creatures (collateral kills)
  A hound (D:5)
  An orc (D:5)
2 creatures vanquished.

Grand Total: 88 creatures vanquished

Notes
Turn   | Place    | Note
-------+----------+-------------------------------------------
     0 | D:1      | jamesp the Gargoyle Fighter began the quest for the Orb.
     0 | D:1      | Reached XP level 1. HP: 14/14 MP: 1/1
   409 | D:1      | Reached XP level 2. HP: 15/19 MP: 2/2
  1211 | D:2      | Reached XP level 3. HP: 23/23 MP: 3/3
  1541 | D:2      | Noticed Jessica
  1554 | D:2      | Killed Jessica
  1555 | D:2      | Reached XP level 4. HP: 9/29 MP: 4/4
  2495 | D:3      | Found a faded altar of an unknown god.
  2537 | D:3      | Found Itruni's Jewellery Shoppe.
  2601 | D:3      | Found Dippiudgh's Weapon Shop.
  2609 | D:3      | Learned a level 1 spell: Sandblast
  2696 | D:3      | Found Kadaohit's Weapon Emporium.
  2849 | D:3      | Reached XP level 5. HP: 33/33 MP: 5/5
  3227 | D:4      | Reached XP level 6. HP: 36/39 MP: 6/6
  3457 | D:4      | Reached skill level 5 in Shields
  3674 | D:4      | Reached skill level 5 in Fighting
  3674 | D:4      | Reached skill level 5 in Armour
  3674 | D:4      | Reached XP level 7. HP: 5/44 MP: 7/7
  4142 | D:5      | Entered Level 5 of the Dungeon
  4158 | D:5      | Identified the +10 sling of Descent {freeze, Will+}
  4370 | D:5      | Found a staircase to the Ecumenical Temple.
  4375 | D:5      | Noticed Ijyb
  4398 | D:5      | Killed Ijyb
  4523 | Temple   | Entered the Ecumenical Temple
  4605 | Temple   | Became a worshipper of Qazlal Stormbringer
  4724 | D:5      | Noticed Grinder
  4745 | D:5      | Reached skill level 1 in Dodging
  4758 | D:5      | Paralysed by Grinder for 2 turns
  4784 | D:5      | Paralysed by Grinder for 4 turns
  4786 | D:5      | Slain by Grinder

Illustrated notes

Levels and vault maps discovered:
D:1:      lightli_arrival_statuegarden, layout_basic
D:2:      layout_loops_corners, minmay_statues_item, nicolae_wormholes,
          uniq_jessica
D:3:      layout_rooms, serial_shops, nicolae_shop_stone,
          nicolae_lakefront_shop, shop_statue,
          hellmonk_ecumenical_altar_inner_sanctum
D:4:      layout_cave_pods
D:5:      layout_cave_pods, minmay_temple_entry_stoned_glass, kennysheep_path_1,
          dk_noncrumbling_2, uniq_grinder, uniq_ijyb
Temple:   compressed_dpeg_circular_temple

Skill      XL: |  1  2  3  4  5  6  7 |
---------------+----------------------+-----
Shields        | 4 5 |  5.0
Fighting       | 4 5 |  5.5
Armour         | 4 5 |  5.5
Maces & Flails | 3 4 |  4.4
Dodging        | 1 |  1.0

Action                   |  1- 3 |  4- 6 |  7- 9 || total
-------------------------+-------+-------+-------++-------
Melee: Flail             |    75 |   169 |    42 ||   286
       Unarmed           |       |       |    22 ||    22
Throw: Stone             |     4 |     3 |       ||     7
Evoke: Wand              |       |       |     1 ||     1
  Use: Scroll            |       |     4 |       ||     4
Armor: Scale mail        |    28 |    63 |    10 ||   101
       Leather armour    |       |       |     4 ||     4
Dodge: Dodged            |    24 |    63 |    15 ||   102
Block: Buckler           |    12 |    69 |    18 ||    99
       Reflection        |       |     3 |       ||     3
       Other             |       |       |     3 ||     3
